 Dungeon Crawl Stone Soup version 0.20-a0-296-gf222164 (webtiles) character file.

75 shenanigans the Skirmisher (level 4, -1/35 HPs)
             Began as a Human Skald on Dec 14, 2016.
             Slain by an adder (3 damage)
             ... on level 2 of the Dungeon.
             The game lasted 00:03:51 (2112 turns).

shenanigans the Skirmisher (Human Skald)            Turns: 2112, Time: 00:03:52

Health: -1/35      AC:  3    Str: 14    XL:     4   Next: 55%
Magic:  7/7        EV: 11    Int: 12    God:
Gold:   88         SH:  4    Dex: 12    Spells: 6/7 levels left

rFire  . . .     SeeInvis .     a - +0 hand axe
rCold  . . .     Gourm    .     b - +0 leather armour
rNeg   . . .     Faith    .     f - +0 buckler
rPois  .         Spirit   .     (no helmet)
rElec  .         Reflect  .     (no cloak)
rCorr  .         Harm     .     (no gloves)
MR     .....                    (no boots)
Stlth  +.........               (no amulet)
                                (no ring)
                                p - ring of wizardry

@: lethally poisoned (-1 -> -3)
A: no striking features
a: no special abilities


You were on level 2 of the Dungeon.
You were near starving.

You visited 1 branch of the dungeon, and saw 2 of its levels.

You collected 88 gold pieces.

Inventory:

Hand Weapons
 a - a +0 hand axe (weapon)
Armour
 b - a +0 leather armour (worn)
 f - a +0 buckler (worn)
Jewellery
 p - a ring of wizardry (left hand)
Scrolls
 g - 3 scrolls of fear {unknown}
 j - 2 scrolls of recharging {unknown}
 l - a scroll of noise {unknown}
 n - a scroll of identify {unknown}
 o - a scroll of teleportation {unknown}
 r - a scroll of immolation {unknown}
Potions
 e - a potion of might {unknown}
 h - a potion of ambrosia {unknown}
 i - a potion of curing {unknown}
 k - a potion of agility {unknown}
Books
 c - a book of Battle

   Spells                             Type                      Level
   a - Infusion                       Charms                       1
   b - Shroud of Golubria             Charms/Translocation         2
   c - Song of Slaying                Charms                       2
   d - Spectral Weapon                Hexes/Charms                 3
   e - Regeneration                   Charms/Necromancy            3
Comestibles
 d - 4 bread rations
 m - a meat ration


   Skills:
 + Level 3.1 Fighting
 + Level 2.8 Axes
 + Level 1.3 Armour
 + Level 1.4 Dodging
 + Level 1.5 Shields
 - Level 2.0 Spellcasting
 - Level 3.0 Charms


You had 6 spell levels left.
You knew the following spells:

 Your Spells              Type           Power        Failure   Level  Hunger
a - Infusion              Chrm           #...         6%          1    ##.....


Dungeon Overview and Level Annotations

Branches:
Dungeon (2/15)

Altars:


Message History

The adder is heavily wounded.
You hit the worm.
You kill the worm!
The adder bites you.
You hit the adder but do no damage.
The adder is heavily wounded.
You hit the hobgoblin. The adder barely misses you.
The hobgoblin hits you with a club.
* * * LOW HITPOINT WARNING * * *
The adder bites you but does no damage. The adder bites you.
* * * LOW HITPOINT WARNING * * *
You are lethally poisoned!
The adder poisons you!
* * * LOW HITPOINT WARNING * * *
You feel sick. The adder bites you but does no damage.
The adder completely misses you.
* * * LOW HITPOINT WARNING * * *
You feel sick. The adder bites you.
You die...

# ## # ##.
###.############..#
###.###.S.....##.g...$...#
........##.##.##.Sg##.##..#
##....###.###.##@.## $.#
#......#.#).......# #..#
##...##.##.##.###.# #.#
##.######.##.# #... .. #.#
#.##.# #.#.# #. #.# #.##..
..#..# .. ##'## #.##.# ..#
... ##...## #.##.. .. #.#
#....[## #.....


You could see an adder and 2 hobgoblins.

Vanquished Creatures
  2 adders (D:2)
  3 worms (D:2)
  2 dart slugs
  A leopard gecko (D:1)
  An orc (D:2)
  6 giant cockroaches (D:1)
  5 goblins
  5 hobgoblins
  3 bats
  6 frilled lizards
  8 kobolds
  2 rats (D:1)
44 creatures vanquished.

Notes
Turn   | Place    | Note
-------+----------+-------------------------------------------
     0 | D:1      | shenanigans the Human Skald began the quest for the Orb.
     0 | D:1      | Reached XP level 1. HP: 16/16 MP: 3/3
   294 | D:1      | Reached XP level 2. HP: 13/22 MP: 5/5
   693 | D:1      | Reached XP level 3. HP: 22/28 MP: 6/6
   743 | D:1      | Reached skill level 1 in Shields
  1347 | D:2      | Reached XP level 4. HP: 16/35 MP: 7/7
  2112 | D:2      | Slain by an adder

Vault maps used:
D:1:      arrival_zaba_pyramid, hangedman_abyss_or_decor_lesser_grid,
          minmay_bisected
D:2:      first_bread, roderic_serpentine_path, minmay_box_of_dots

Skill      XL: |  1  2  3 |
---------------+----------+-----
Shields        | 1 |  1.5
Fighting       | 3 |  3.1
Axes           | |  2.8
Armour         | |  1.3
Dodging        | |  1.4
Spellcasting   | |  2.0
Charms         | |  3.0

Action                   |  1- 3 |  4- 6 || total
-------------------------+-------+-------++-------
Melee: Hand axe          |   130 |    82 ||   212
  Eat: Chunk             |     1 |       ||     1
       Pizza             |       |     1 ||     1
Armor: Leather armour    |    24 |    16 ||    40
Dodge: Dodged            |    80 |    40 ||   120
Block: Buckler           |    15 |    13 ||    28
